[Event "45th FIDE Olympiad 2024"]
[Site "Budapest"]
[Date "2024.09.18"]
[Round "7.59"]
[White "Jones, Rupert"]
[Black "Fomevor, Cephas Clinton"]
[Result "0-1"]
[WhiteElo "1849"]
[BlackElo "1873"]
[Annotator "COMBH"]
[PlyCount "62"]
[EventDate "2024.09.05"]
[EventType "team-tourn"]
[EventCountry "HUN"]
[WhiteTeam "Papua New Guinea"]
[BlackTeam "Ghana"]
[WhiteTeamCountry "PNG"]
[BlackTeamCountry "GHA"]
[TimeControl "40/5400+30:1800+30"]

1. e4 c6 2. d4 d5 3. e5 c5 4. c4 cxd4 5. Nf3 Nc6 6. cxd5 Qa5+ 7. Qd2 Qxd5 8. Nc3 Qd8 9. Nb5 e6 10. Qf4 Bc5 11. Nd6+ Bxd6 12. exd6 Qf6 13. Bb5 Bd7 14. Bxc6 Bxc6 15. Qxd4 Qxd4 16. Nxd4 Bxg2 17. Rg1 Be4 18. Rxg7 Bg6 19. Nxe6 fxe6 20. Bg5 Be4 21. Rd1 Bd5 22. d7+ Kf8 23. Rxg8+ Rxg8 24. d8=Q+ Rxd8 25. Bxd8 Rg1+ 26. Kd2 Rg2 27. Ke3 Rxh2 28. Bf6 a6 29. a3 Kf7 30. Bd8 Rh3+ 31. Kf4 Rf3+ {0-} 0-1

[Event "45th FIDE Olympiad 2024"]
[Site "Budapest"]
[Date "2024.09.18"]
[Round "7.60"]
[White "Gretarsson, Helgi Ass"]
[Black "Postny, Evgeny"]
[Result "1/2-1/2"]
[ECO "D31"]
[WhiteElo "2450"]
[BlackElo "2577"]
[Annotator "TA"]
[PlyCount "164"]
[EventDate "2024.09.05"]
[EventType "team-tourn"]
[EventCountry "HUN"]
[SourceTitle "playchess.com"]
[Source "ChessBase"]
[SourceQuality "1"]
[WhiteTeam "Iceland"]
[BlackTeam "Israel"]
[WhiteTeamCountry "ISL"]
[BlackTeamCountry "ISR"]
[TimeControl "40/5400+30:1800+30"]

1. c4 e6 2. Nc3 d5 3. d4 Be7 4. cxd5 exd5 5. Bf4 c6 6. e3 Bf5 7. g4 Be6 8. Qb3 Qb6 9. f3 Qxb3 10. axb3 Nd7 11. h4 Ngf6 12. Bd3 O-O 13. Nge2 h5 14. g5 Ne8 15. Bh2 g6 16. Nf4 Ng7 17. Kd2 Rfe8 18. Nxe6 Nxe6 19. f4 Ndf8 20. f5 gxf5 21. Bxf5 Ng6 22. Bg3 a6 23. Ne2 Bf8 24. Raf1 Bg7 25. Bf2 c5 26. Ng3 cxd4 27. Nxh5 dxe3+ 28. Bxe3 d4 29. Bg1 Rad8 30. Rh3 Rd5 31. Be4 Re5 32. Bd3 (32. Bxb7 $16 a5 33. Nxg7 Kxg7 34. Bc6) 32... b5 (32... Bh8 $1 $14) 33. Nxg7 $16 Kxg7 34. Rhf3 Nxh4 35. Rxf7+ Kg8 36. Bh7+ Kh8 37. g6 Rg5 38. R7f6 (38. Re1 $16 {Threatening mate with Bxd4+.} Nf5 39. Rxf5 Rxf5 40. Bxd4+ Nxd4 41. Rxe8+ Kg7 42. Re7+ Kh6 43. Bg8) 38... Kg7 $11 39. Rf7+ Kh6 40. Bf2 Nxg6 41. Rh1+ Rh5 42. Rxh5+ Kxh5 43. Rf5+ (43. Rd7 $11) 43... Kh6 44. Bxg6 $1 (44. Rf7 Ng5 45. Ra7 Nxh7 $19) 44... Kxg6 45. Re5 ({But not} 45. Rd5 Kf7 $19 (45... Nf4 46. Rd6+ Kf5 47. Bxd4 $11)) 45... Kf7 46. Rf5+ Ke7 47. Rd5 Rh8 48. Bxd4 Rh2+ 49. Kc1 Nf4 50. Bc5+ Ke6 51. Rd6+ Ke5 52. b4 Rg2 53. Kb1 Rg6 54. Rd2 Ke4 55. Rd4+ Kf5 56. Rd2 Re6 57. Ka2 Ke4 58. Kb3 Rg6 59. Rd4+ Ke5 60. Rd2 Ke4 61. Rd4+ Kf5 62. Rd2 Rg3+ 63. Ka2 Nd3 64. Kb1 Ne5 65. Rd6 Rg6 66. Rd2 Nc4 67. Re2 Re6 68. Rf2+ Ke4 69. Kc2 Rg6 70. Rh2 Ne5 71. Rh4+ Rg4 72. Rh2 Rg6 73. Rh4+ Kd5 74. Rd4+ Kc6 75. Re4 Nd7 76. Bd4 Kd5 77. Rh4 Nb8 78. Bc3 Nc6 79. Rh3 Rg2+ 80. Kb3 Rg5 81. Kc2 Rf5 82. Kb3 Rg5 1/2-1/2

[Event "45th FIDE Olympiad 2024"]
[Site "Budapest"]
[Date "2024.09.18"]
[Round "7.61"]
[White "Gurel, Ediz"]
[Black "Salinas Herrera, Pablo"]
[Result "1-0"]
[ECO "C92"]
[WhiteElo "2602"]
[BlackElo "2479"]
[Annotator "RC"]
[PlyCount "115"]
[EventDate "2024.09.05"]
[EventType "team-tourn"]
[EventCountry "HUN"]
[SourceTitle "playchess.com"]
[Source "ChessBase"]
[SourceQuality "1"]
[WhiteTeam "Turkiye"]
[BlackTeam "Chile"]
[BlackTeamCountry "CHI"]
[TimeControl "40/5400+30:1800+30"]

1. e4 e5 2. Nf3 Nc6 3. Bb5 a6 4. Ba4 Nf6 5. O-O Be7 6. Re1 b5 7. Bb3 d6 8. c3 O-O 9. h3 Bd7 10. d4 a5 11. Nbd2 a4 12. Bc2 Re8 13. Nf1 h6 14. Ng3 Bf8 15. Be3 a3 16. b3 exd4 17. cxd4 Nb4 18. Bb1 c5 19. Bd2 Rc8 20. Bc3 Nh7 21. Bd3 Nxd3 22. Qxd3 b4 23. Bd2 Qa5 24. Rac1 Bb5 25. Qe3 c4 26. bxc4 Bxc4 27. Rc2 d5 28. Rec1 Ba6 29. Ne5 Rxc2 30. Rxc2 f6 31. Ng6 Bc4 32. Nf5 Qa4 33. Rc1 Qd7 34. Nxf8 Nxf8 35. Qg3 Rxe4 36. Bxh6 Ne6 37. Be3 Nf4 38. Nh6+ Kh7 39. Bxf4 gxh6 40. Bd2 Qg7 41. Qd6 Qe7 42. Qb8 Re2 43. Bxb4 Rb2 44. Bxe7 Rxb8 45. Bxf6 Rb2 46. Be7 Rxa2 47. Bb4 Kg6 48. f3 Kf5 49. Re1 Kg6 50. Kh2 Re2 51. Rxe2 Bxe2 52. Bxa3 Bd3 53. g4 Bb5 54. Kg3 Bf1 55. f4 Kg7 56. f5 Bd3 57. Kf4 Kf7 58. h4 1-0

[Event "45th FIDE Olympiad 2024"]
[Site "Budapest"]
[Date "2024.09.18"]
[Round "7.61"]
[White "Solomon, Joshua"]
[Black "Hamperl, Fred"]
[Result "0-1"]
[WhiteElo "1587"]
[BlackElo "1977"]
[PlyCount "90"]
[EventDate "2024.09.05"]
[EventType "team-tourn"]
[EventCountry "HUN"]
[WhiteTeam "Antigua and Barbuda"]
[BlackTeam "Guernsey"]
[TimeControl "40/5400+30:1800+30"]

1. d4 Nf6 2. c4 c6 3. Nc3 d5 4. Nf3 e6 5. g3 Nbd7 6. Bg2 Bd6 7. O-O O-O 8. Bg5 h6 9. Bxf6 Nxf6 10. c5 Bc7 11. e3 Re8 12. Rc1 e5 13. dxe5 Bxe5 14. Nxe5 Rxe5 15. Qd4 Qe8 16. b4 Bf5 17. a4 Rd8 18. b5 Ne4 19. bxc6 bxc6 20. Rb1 Nxc3 21. Qxc3 Bxb1 22. Rxb1 Re7 23. Qb4 Qd7 24. h4 Ree8 25. Kh2 Qc7 26. Qb7 Re7 27. Qb4 Kf8 28. a5 Ree8 29. Qb7 Qxb7 30. Rxb7 Re7 31. a6 Rxb7 32. axb7 Rb8 33. Bxd5 Rxb7 34. Bxc6 Rc7 35. Bd5 Rxc5 36. e4 a5 37. Kg2 a4 38. Ba2 Rc2 39. Bd5 Rd2 40. Bc4 Rd4 41. Ba2 Rxe4 42. Kf3 Rb4 43. Ke3 Rb2 44. Bd5 a3 45. Kd3 Rxf2 {0-} 0-1

[Event "45th FIDE Olympiad 2024"]
[Site "Budapest"]
[Date "2024.09.18"]
[Round "7.62"]
[White "Vasquez Schroeder, Rodrigo"]
[Black "Erdogmus, Yagiz Kaan"]
[Result "0-1"]
[ECO "C88"]
[WhiteElo "2457"]
[BlackElo "2592"]
[Annotator "TA"]
[PlyCount "86"]
[EventDate "2024.09.05"]
[EventType "team-tourn"]
[EventCountry "HUN"]
[SourceTitle "playchess.com"]
[Source "ChessBase"]
[SourceQuality "1"]
[WhiteTeam "Chile"]
[BlackTeam "Turkiye"]
[WhiteTeamCountry "CHI"]
[TimeControl "40/5400+30:1800+30"]

1. e4 e5 2. Nf3 Nc6 3. Bb5 a6 4. Ba4 Nf6 5. O-O Be7 6. Re1 b5 7. Bb3 O-O 8. a4 Bb7 9. d3 d6 10. Bd2 Qd7 11. Nc3 Na5 12. Ba2 c5 13. Bg5 b4 14. Bxf6 Bxf6 {[%emt 0:00:15] The position is equal.} 15. Nd5 {[%emt 0:00:36] Threatens to win with Nxf6+.} Bd8 16. Ne3 b3 17. Bxb3 Nxb3 18. cxb3 Ba5 19. Rf1 Rab8 20. Nd2 g6 21. Ndc4 Bc7 22. Nd5 Bxd5 23. exd5 f5 24. f4 exf4 25. Rxf4 Qf7 26. Qf3 $1 g5 27. Qg3 Qg6 ({But not} 27... Rxb3 $6 28. Qxg5+ Qg6 29. Qe7 $16) 28. Rf2 f4 29. Qf3 Rbe8 30. Raf1 Bd8 {[%emt 0:01:54][%cal Bc7d8,Bd8f6,Bf6d4][%mdl 32] ...Bf6 would now be deadly.} (30... g4 $5 31. Qd1 $8 f3 $16) 31. g4 Re7 32. Re2 Rxe2 33. Qxe2 Re8 34. Qf3 Bf6 35. Kg2 Bd4 36. h4 h6 (36... gxh4 37. Qxf4 Re2+ 38. Kh3) 37. hxg5 hxg5 38. Rh1 Re7 39. Kf1 Qe8 40. Qd1 {[%emt 0:01:57][%mdl 8192] [#] Repels Re1+} (40. Nxd6 $11 Re1+ 41. Kg2 Re2+ 42. Kf1 Re1+ 43. Kg2 Re2+ 44. Kf1 Re1+) 40... f3 $1 $19 41. Qd2 (41. Nxd6 Qd7) 41... f2 {[%emt 0:02:36] ( -> ...Re1+)} 42. Kg2 {[%emt 0:00:00] [#]} f1=Q+ $1 43. Kxf1 (43. Rxf1 Re2+) 43... Qf7+ {[%emt 0:00:05] Weighted Error Value: White=0.51/Black=0.02 (flawless) .  Loses game:     	White=1     	---        Inaccurate:     	White=2     	---        OK:         	White=16    	Black=11     Best:        	---       	Black=1      Strong:       	White=1     	---        Brilliant:      	---       	Black=1} 0-1

[Event "45th FIDE Olympiad 2024"]
[Site "Budapest"]
[Date "2024.09.18"]
[Round "7.62"]
[White "Rowe, Peter"]
[Black "Matthew, Bailey"]
[Result "0-1"]
[WhiteElo "1973"]
[BlackElo "1548"]
[PlyCount "52"]
[EventDate "2024.09.05"]
[EventType "team-tourn"]
[EventCountry "HUN"]
[WhiteTeam "Guernsey"]
[BlackTeam "Antigua and Barbuda"]
[TimeControl "40/5400+30:1800+30"]

1. d4 Nf6 2. Nf3 d5 3. Bf4 c5 4. c3 Nc6 5. e3 Qb6 6. b3 cxd4 7. exd4 Bg4 8. Nbd2 e6 9. Be2 Be7 10. h3 Bh5 11. O-O O-O 12. Kh1 Rac8 13. Be3 Qc7 14. Bd3 Rfe8 15. Rg1 Bf8 16. Bg5 Bg6 17. Bxg6 hxg6 18. Re1 Ne7 19. c4 dxc4 20. bxc4 Red8 21. Qe2 Nf5 22. Nb3 Qxc4 23. Qxc4 Rxc4 24. Ne5 Rc2 25. Ng4 Be7 26. Rad1 Nxg4 {0-} 0-1

[Event "45th FIDE Olympiad 2024"]
[Site "Budapest"]
[Date "2024.09.18"]
[Round "7.63"]
[White "Sanal, Vahap"]
[Black "Lopez Silva, Hugo"]
[Result "1-0"]
[ECO "E61"]
[WhiteElo "2581"]
[BlackElo "2379"]
[Annotator "TA"]
[PlyCount "61"]
[EventDate "2024.09.05"]
[EventType "team-tourn"]
[EventCountry "HUN"]
[SourceTitle "playchess.com"]
[Source "ChessBase"]
[SourceQuality "1"]
[WhiteTeam "Turkiye"]
[BlackTeam "Chile"]
[BlackTeamCountry "CHI"]
[TimeControl "40/5400+30:1800+30"]

1. d4 Nf6 2. Nf3 g6 3. Bf4 Bg7 4. e3 O-O 5. Be2 d6 6. h3 b6 7. O-O Bb7 8. c4 Nbd7 9. Nc3 Ne4 10. Qc2 Nxc3 11. bxc3 e5 12. Bh2 Qe7 13. a4 a5 {[%emt 0:00:19] Black is slightly better.} 14. Rae1 Kh8 15. Nd2 f5 16. Bf3 e4 17. Be2 Rae8 18. Kh1 Bh6 19. Bd1 f4 (19... Nf6 $17) 20. exf4 $11 Bxf4 21. Bxf4 Rxf4 22. Kg1 Rff8 23. Bf3 Nf6 24. d5 c6 $2 {[%emt 0:05:53] [#]} (24... Bc8 $11) 25. Nxe4 $18 cxd5 (25... Nxe4 $16 {was necessary.} 26. Rxe4 Qc7) 26. Nxf6 Qxf6 27. Qb2 (27. Bxd5 Bxd5 28. cxd5 Re5 29. Rxe5 Qxe5) 27... Ba6 (27... Bc6 $142 28. Rxe8 (28. Bxd5 Bxd5 29. cxd5 Re5 $16) (28. Qxb6 Rxe1 29. Rxe1 Qxc3 $14) (28. cxd5 Bxa4 29. Rxe8 Bxe8 $16) 28... Bxe8 29. Qxb6 (29. Bxd5 Bxa4 30. Qxb6 Bd7 $18) 29... dxc4 30. Qxa5 Bf7) 28. Bxd5 Rc8 (28... Re5 29. Qxb6 Rxd5) 29. Re6 ({Less strong is} 29. Qxb6 Bxc4 30. Bxc4 Rxc4 $16) 29... Qf5 (29... Qg7 30. Re4 (30. Rxd6 Bxc4 31. Bxc4 Rxc4 $18) 30... Bb7 31. Qxb6 Bxd5 32. cxd5 Rxc3 33. Qxd6 Rd3) 30. Qxb6 {[%emt 0:01:01] [#] Threatens to win with Qd4+.} Bxc4 31. Qd4+ {[%emt 0:00:06] Weighted Error Value: White=0.18 (very precise) /Black=0.43.  Loses game:     	---       	Black=1      Mistake:       	---       	Black=5      Inaccurate:     	White=1     	Black=1      OK:         	White=8     	Black=5      Best:        	White=1     	Black=1} 1-0

[Event "45th FIDE Olympiad 2024"]
[Site "Budapest"]
[Date "2024.09.18"]
[Round "7.63"]
[White "Farquhar, Abner"]
[Black "Brookfield, Toby"]
[Result "1/2-1/2"]
[WhiteElo "1678"]
[BlackElo "1872"]
[Annotator "COMBH"]
[PlyCount "123"]
[EventDate "2024.09.05"]
[EventType "team-tourn"]
[EventCountry "HUN"]
[WhiteTeam "Antigua and Barbuda"]
[BlackTeam "Guernsey"]
[TimeControl "40/5400+30:1800+30"]

1. d4 Nf6 2. Nf3 c5 3. c3 e6 4. Bf4 d5 5. e3 Nc6 6. Bd3 h6 7. Nbd2 Nh5 8. Be5 Nf6 9. O-O cxd4 10. exd4 Be7 11. Qe2 O-O 12. Bg3 Nh5 13. Ne5 Nxg3 14. hxg3 Nxe5 15. dxe5 Bc5 16. Nf3 Bd7 17. g4 g5 18. Nd4 f6 19. Rad1 Rc8 20. Bb1 fxe5 21. Qxe5 Qf6 22. Qxf6 Rxf6 23. Rfe1 Rcf8 24. f3 Re8 25. Kh1 Bc6 26. Nxc6 bxc6 27. Re2 Kf7 28. Bc2 Rh8 29. Kh2 h5 30. gxh5 Rxh5+ 31. Kg3 Bd6+ 32. Kf2 g4 33. Rf1 gxf3 34. gxf3 e5 35. Ke3 e4 36. Rg2 Rh3 37. Bd1 Bc5+ 38. Kd2 exf3 39. Rg4 f2 40. a4 Be3+ 41. Kc2 Rfh6 42. Be2 c5 43. b4 c4 44. a5 Rh1 45. Rg3 Rxf1 46. Bxf1 Rh1 47. Rxe3 Rxf1 48. Rf3+ Ke6 49. Kd2 Kd6 50. Ke2 Re1+ 51. Kxf2 Re7 52. Rf4 Kc6 53. Rf5 Kd6 54. Rf3 Kc6 55. Re3 Rh7 56. Ke2 d4 57. Re5 d3+ 58. Kd1 Rh1+ 59. Kd2 Rh2+ 60. Kd1 Rh1+ 61. Kd2 Rh2+ 62. Kd1 1/2-1/2

[Event "45th FIDE Olympiad 2024"]
[Site "Budapest"]
[Date "2024.09.18"]
[Round "7.64"]
[White "Marrujo Pardo, Mauricio Emmanuel"]
[Black "Can, Emre"]
[Result "0-1"]
[ECO "B90"]
[WhiteElo "2332"]
[BlackElo "2547"]
[Annotator "TA"]
[PlyCount "100"]
[EventDate "2024.09.05"]
[EventType "team-tourn"]
[EventCountry "HUN"]
[SourceTitle "playchess.com"]
[Source "ChessBase"]
[SourceQuality "1"]
[WhiteTeam "Chile"]
[BlackTeam "Turkiye"]
[WhiteTeamCountry "CHI"]
[TimeControl "40/5400+30:1800+30"]

1. e4 c5 2. Nf3 d6 3. d4 cxd4 4. Nxd4 Nf6 5. Nc3 a6 6. Be3 e5 7. Nb3 Be6 8. h3 Be7 9. Qf3 O-O 10. g4 {[%emt 0:00:13] The position is equal.} b5 11. O-O-O (11. g5 $14 Nfd7 12. h4) 11... b4 $1 $11 12. Nd5 Nxd5 13. exd5 Bd7 (13... Bc8 $5) 14. Bd3 Bb5 15. h4 Nd7 16. h5 Bxd3 17. Rxd3 h6 18. Qf5 Rc8 {[%emt 0:06:59] Black is weak on the light squares} 19. Kb1 a5 20. Nd2 (20. Nxa5 Qxa5 21. Qxd7 Ra8 $17) (20. Rg1 $14) 20... Qc7 21. Rc1 Nf6 $1 22. c4 Qd7 23. Qxd7 Nxd7 24. Ne4 f5 25. gxf5 Rxf5 {[%emt 0:00:07] [#]} 26. c5 $1 dxc5 27. d6 Bd8 28. Rd5 (28. Nxc5 $2 Rxc5 29. Bxc5 e4 $19 (29... Rxh5 $2 30. Bxb4 Bb6 31. Rc7 $18)) (28. Bxc5 Rxh5 29. Be3 Rxc1+ 30. Bxc1 Rh4 $17) 28... Kf7 (28... Rxh5 {simplifies} 29. Nxc5 Nxc5 30. Rcxc5 Rxc5 31. Rxc5 Rf5) 29. Nxc5 Nxc5 30. d7 $1 (30. Bxc5 Rxh5 31. Rcd1 Rf5 $17) 30... Rc6 31. Bxc5 Rxh5 (31... Ke6 $6 32. Rcd1 $11) 32. f4 (32. Kc2 $17) 32... Rf5 {[%emt 0:03:45] aiming for ...Ke6.} 33. fxe5 (33. Rxe5 Rxe5 34. fxe5 Ke6 $19) 33... Ke6 34. Rcd1 Rxe5 35. Rxe5+ Kxe5 $19 {[%emt 0:00:07][%mdl 4096] Endgame. KRB-KRB} 36. Re1+ {[%emt 0:01:14] [#]} (36. Bd4+ Ke4 37. Bxg7 Rg6 $14) 36... Kf6 $1 37. Bf8 {[%emt 0:00:24] [#] Hoping for Re8.} (37. Bd4+ Kf7 38. Re8 Rd6 39. Rxd8 Rxd4) 37... Kf7 (37... Rc7 $1 $19 38. Rf1+ Kg6 39. Rg1+ Kf7 40. Bxg7 h5 (40... Rxd7 41. Bxh6 b3 42. axb3 $14)) 38. Re8 $11 {[%emt 0:00:02][%mdl 1024] White has compensation.} Bg5 39. b3 $2 (39. Rc8 $1 $14 {was the only good move.} Rg6 40. d8=Q (40. d8=N+ Kxf8 41. Nc6+ Kf7 $15) (40. d8=B Be3 $11) 40... Bxd8 41. Rxd8) 39... Rc1+ $19 40. Kb2 Rd1 41. Ra8 Rxd7 42. Bc5 Bd8 43. a3 bxa3+ 44. Kxa3 h5 45. b4 axb4+ 46. Kxb4 Be7 47. Bxe7 Rxe7 48. Kc3 Kf6 {[%emt 0:00:00] Black mates.} 49. Kd2 h4 50. Ra5 g5 {[%emt 0:00:00] Weighted Error Value: White=0.66/Black=0.14 (very precise) .  Loses game:     	White=2     	---        Missed win:     	---       	Black=1      Mistake:       	White=3     	---        Inaccurate:     	White=4     	Black=3      OK:         	White=11    	Black=9      Best:        	White=3     	Black=7      Strong:       	White=1     	Black=3} 0-1

[Event "45th FIDE Olympiad 2024"]
[Site "Budapest"]
[Date "2024.09.18"]
[Round "7.64"]
[White "Owen, Garth I"]
[Black "Solomon, Jonathan"]
[Result "1-0"]
[WhiteElo "1810"]
[BlackElo "1536"]
[PlyCount "119"]
[EventDate "2024.09.05"]
[EventType "team-tourn"]
[EventCountry "HUN"]
[WhiteTeam "Guernsey"]
[BlackTeam "Antigua and Barbuda"]
[TimeControl "40/5400+30:1800+30"]

1. c4 c6 2. Nf3 d5 3. b3 Nf6 4. Bb2 Nbd7 5. g3 e6 6. Bg2 Be7 7. O-O O-O 8. Qc2 b6 9. d4 Bb7 10. Nbd2 Rc8 11. e4 dxe4 12. Nxe4 Nxe4 13. Qxe4 Nf6 14. Qe2 Qc7 15. Rfe1 Bd6 16. Rac1 Qe7 17. Qd3 Ba3 18. Bxa3 Qxa3 19. Ne5 Rfd8 20. Qe3 Qe7 21. c5 Nd5 22. Bxd5 Rxd5 23. b4 b5 24. f4 Rcd8 25. Rcd1 g6 26. Re2 Kg7 27. Red2 a6 28. Qf2 f6 29. Nf3 Bc8 30. Rd3 e5 31. fxe5 f5 32. Qe3 h6 33. h4 Be6 34. Kg2 Rf8 35. Ra3 Ra8 36. Ng1 Rd7 37. Nh3 Bd5+ 38. Kg1 Be6 39. Nf4 Bd5 40. Re1 Be6 41. Re2 Qf7 42. Kh2 Qe7 43. Rc3 Rad8 44. Rd2 Re8 45. Rc1 Red8 46. Re1 Re8 47. Ra1 Red8 48. a4 Bc4 49. axb5 Bxb5 50. e6 Rd5 51. Nxd5 Rxd5 52. Re1 Kh7 53. Qf4 g5 54. hxg5 hxg5 55. Qf3 Kg6 56. Kg1 Rd8 57. Rh2 g4 58. Qf4 Qg5 59. Qc7 Re8 60. Qf7# 1-0

[Event "45th FIDE Olympiad 2024"]
[Site "Budapest"]
[Date "2024.09.18"]
[Round "7.65"]
[White "Amin, Bassem"]
[Black "Cheparinov, Ivan"]
[Result "1/2-1/2"]
[ECO "D77"]
[WhiteElo "2636"]
[BlackElo "2628"]
[Annotator "TA"]
[PlyCount "44"]
[EventDate "2024.09.05"]
[EventType "team-tourn"]
[EventCountry "HUN"]
[SourceTitle "playchess.com"]
[Source "ChessBase"]
[SourceQuality "1"]
[WhiteTeam "Egypt"]
[BlackTeam "Bulgaria"]
[WhiteTeamCountry "EGY"]
[BlackTeamCountry "BUL"]
[TimeControl "40/5400+30:1800+30"]

1. Nf3 d5 2. g3 g6 3. Bg2 Bg7 4. d4 Nf6 5. O-O O-O 6. c4 dxc4 7. Na3 c5 8. dxc5 c3 9. Nb5 (9. bxc3 Ne4 10. Qc2 Nxc3 $11) 9... Na6 10. Nxc3 Nxc5 {White is slightly better.} 11. Be3 Nfe4 12. Nxe4 Nxe4 13. Bd4 Bxd4 14. Qxd4 Qxd4 15. Nxd4 Nd6 16. Rac1 Rd8 {The position is equal.} 17. f4 a5 18. Rc7 Ne8 19. Rc4 ({And not} 19. Rxe7 Kf8 20. Rxe8+ (20. Re4 $2 Nf6 $19) 20... Kxe8 $17) 19... Nd6 20. Rc7 Ne8 21. Rc4 ({Don't play} 21. Rxe7 Kf8 22. Rxe8+ (22. Re4 $2 Nf6 $19) 22... Kxe8 $17) 21... Nd6 22. Rc7 Ne8 {[%csl LRc7,LRd4] Not much happened in this game.   Weighted Error Value: White=0.03 (flawless) /Black=0.00 (flawless) .  OK:         	White=7     	Black=10} 1/2-1/2

[Event "45th FIDE Olympiad 2024"]
[Site "Budapest"]
[Date "2024.09.18"]
[Round "7.65"]
[White "Wu, Li"]
[Black "Celis, Joel"]
[Result "1-0"]
[WhiteElo "2325"]
[BlackElo "1929"]
[PlyCount "57"]
[EventDate "2024.09.05"]
[EventType "team-tourn"]
[EventCountry "HUN"]
[WhiteTeam "Isle of Man"]
[BlackTeam "Macau, China"]
[WhiteTeamCountry "IOM"]
[TimeControl "40/5400+30:1800+30"]

1. d4 Nf6 2. c4 e5 3. dxe5 Ng4 4. e4 Nxe5 5. f4 Nec6 6. Nc3 d6 7. Be3 g6 8. Qd2 Bg7 9. Nf3 O-O 10. O-O-O Re8 11. h3 Bxc3 12. Qxc3 Rxe4 13. g4 Nd7 14. Ng5 Re8 15. Bg2 Qf6 16. Qd2 h6 17. Ne4 Qe6 18. f5 Qxc4+ 19. Nc3 Nb4 20. Kb1 Ne5 21. Bf1 Qc6 22. Bb5 Nc4 23. Qd4 Qb6 24. Bxe8 Nxe3 25. Qf6 Bxf5+ 26. gxf5 Rxe8 27. fxg6 Rf8 28. gxf7+ Kh7 29. Rhg1 1-0

[Event "45th FIDE Olympiad 2024"]
[Site "Budapest"]
[Date "2024.09.18"]
[Round "7.66"]
[White "Naiditsch, Arkadij"]
[Black "Fawzy, Adham"]
[Result "1-0"]
[ECO "B31"]
[WhiteElo "2643"]
[BlackElo "2507"]
[Annotator "TA"]
[PlyCount "75"]
[EventDate "2024.09.05"]
[EventType "team-tourn"]
[EventCountry "HUN"]
[SourceTitle "playchess.com"]
[Source "ChessBase"]
[SourceQuality "1"]
[WhiteTeam "Bulgaria"]
[BlackTeam "Egypt"]
[WhiteTeamCountry "BUL"]
[BlackTeamCountry "EGY"]
[TimeControl "40/5400+30:1800+30"]

1. e4 c5 2. Nf3 Nc6 3. Bb5 g6 4. Bxc6 bxc6 5. d4 d5 6. exd5 Qxd5 7. Nc3 Qc4 8. Qe2 {The position is equal.} Qxe2+ 9. Nxe2 f6 10. Be3 cxd4 11. Nfxd4 e5 12. Nxc6 a5 13. Bd2 a4 14. Na5 {Prevents Bb7. Excellent horsemanship.} Bf5 15. c4 Bd6 16. b4 Bc7 17. Nc3 Ne7 18. Nb7 O-O 19. Nb5 Bb8 20. O-O {White is more active.} Nc6 21. Rfc1 ({White should try} 21. Rac1) 21... a3 $16 22. f3 Bd3 (22... Nd4 $142) 23. Nc5 Rd8 24. Nxd3 Rxd3 25. Be1 {Rd1 would now be deadly.} f5 {[#]} (25... e4 $16 {was called for.}) 26. Rd1 $1 $18 Rxd1 27. Rxd1 Kf7 28. Rd3 Ke6 29. Rxa3 ({Less strong is} 29. Nxa3 e4 30. fxe4 fxe4 $14) 29... Rxa3 30. Nxa3 {[%mdl 4096] Endgame. KBN-KBN} Nd4 31. Nb5 {White is clearly winning.} Nc2 32. Kf2 e4 33. fxe4 Bxh2 34. exf5+ Kxf5 35. a4 Ke4 36. a5 Kd3 37. a6 {[#] Black must now prevent a7.} Bb8 38. c5 {Weighted Error Value: White=0.04 (flawless) /Black=0.26 (precise) .  Mistake:       	White=1     	Black=2      Inaccurate:     	---       	Black=4      OK:         	White=15    	Black=9      Best:        	White=1     	---        Strong:       	White=1     	---} 1-0

[Event "45th FIDE Olympiad 2024"]
[Site "Budapest"]
[Date "2024.09.18"]
[Round "7.66"]
[White "Mak, Tong Kuan"]
[Black "Fabri, Henrik"]
[Result "1/2-1/2"]
[WhiteElo "1902"]
[BlackElo "1936"]
[PlyCount "60"]
[EventDate "2024.09.05"]
[EventType "team-tourn"]
[EventCountry "HUN"]
[WhiteTeam "Macau, China"]
[BlackTeam "Isle of Man"]
[BlackTeamCountry "IOM"]
[TimeControl "40/5400+30:1800+30"]

1. e4 c5 2. Nf3 Nf6 3. e5 Nd5 4. c3 e6 5. d4 cxd4 6. cxd4 Nc6 7. Nc3 Nxc3 8. bxc3 d5 9. Bd3 Be7 10. O-O Bd7 11. Rb1 Rb8 12. Qc2 h6 13. Nd2 O-O 14. f4 f5 15. exf6 Bxf6 16. Nf3 Qc7 17. Qe2 Na5 18. Bd2 Nc4 19. Ne5 Bxe5 20. fxe5 Nxd2 21. Qxd2 a6 22. Qe3 Bb5 23. Bxb5 axb5 24. Rfc1 Ra8 25. Qd2 Qc4 26. Rc2 Ra3 27. h3 Rfa8 28. Rb4 Qc6 29. Kh2 Qa6 30. Rbb2 Qc6 1/2-1/2

[Event "45th FIDE Olympiad 2024"]
[Site "Budapest"]
[Date "2024.09.18"]
[Round "7.67"]
[White "Wageih, Kareim"]
[Black "Petrov, Martin"]
[Result "0-1"]
[ECO "E14"]
[WhiteElo "2402"]
[BlackElo "2536"]
[Annotator "TA"]
[PlyCount "50"]
[EventDate "2024.09.05"]
[EventType "team-tourn"]
[EventCountry "HUN"]
[SourceTitle "playchess.com"]
[Source "ChessBase"]
[SourceQuality "1"]
[WhiteTeam "Egypt"]
[BlackTeam "Bulgaria"]
[WhiteTeamCountry "EGY"]
[BlackTeamCountry "BUL"]
[TimeControl "40/5400+30:1800+30"]

1. Nf3 Nf6 2. b3 d5 3. Bb2 e6 4. e3 Bd6 5. c4 O-O 6. d4 b6 7. Bd3 Bb7 8. Nbd2 Nbd7 9. O-O Ne4 10. Qe2 a5 11. a4 f5 12. Rac1 {The position is equal.} Rf6 13. Rfd1 Nxd2 (13... Rh6 {with more complications.} 14. Nf1 Qe8 15. Ne5 Bxe5 16. dxe5 Ndc5) 14. Rxd2 Rh6 15. g3 Qe8 16. Rdc2 {[#] Strongly threatening c5.} dxc4 17. bxc4 {next c5 is good for White.} Qh5 18. Nh4 {Threatens to win with c5.} Qxe2 19. Rxe2 g5 20. Ng2 Bf3 $36 {[%mdl 2048] Black has some pressure.} 21. Ree1 Bb4 22. Rf1 Nf6 {[#] White must now prevent ...Ng4.} 23. h4 (23. d5 $1 $15) 23... Ng4 {Black is more active.} (23... gxh4 $17 24. Nxh4 Rxh4 25. gxh4 Kf7) 24. Bc3 $2 (24. Bc2 $15) 24... gxh4 $19 25. Bxb4 $2 (25. Nxh4 Rxh4 26. gxh4) 25... h3 {Weighted Error Value: White=0.66/Black=0.09 (flawless) .  Loses game:     	White=1     	---        Mistake:       	White=2     	Black=1      Inaccurate:     	---       	Black=1      OK:         	White=3     	Black=9      Best:        	---       	Black=2} (25... axb4 26. Nxh4 Rxh4 27. gxh4 $17) 0-1